PR
CROWLEY CAJUNS @ HUDSONVILLE FLANDERSES
07/05/2042
 
TOP OF THE 1ST
Crowley Cajuns batting - Pitching for Hudsonville Flanderses : RHP Ken Travis
Pitching: RHP Ken Travis
Batting: LHB Sergio Valentín 0-0: Ball
1-0: Swinging Strike
1-1: Swinging Strike
1-2: Strikes out swinging
Batting: RHB Pedro Ramos 0-0: Ball
1-0: Ground out 4-3 (Groundball, 4MS, EV 91.2 MPH)
Batting: RHB Júlio Muńóz 0-0: Foul Ball, location: 2F
0-1: Swinging Strike
0-2: Strikes out swinging
Top of the 1st over - 0 runs, 0 hits, 0 errors, 0 left on base; Crowley 0 - Hudsonville 0
BOTTOM OF THE 1ST
Hudsonville Flanderses batting - Pitching for Crowley Cajuns : RHP Steve Roberts
Pitching: RHP Steve Roberts
Batting: LHB Lasse Karsberg 0-0: Ball
1-0: Swinging Strike
1-1: Ball
2-1: Foul Ball, location: 2F
2-2: Foul Ball, location: 2F
2-2: Strikes out looking
Batting: RHB Mike Marcus 0-0: Called Strike
0-1: Ball
1-1: Foul Ball, location: 2F
1-2: Fly out, F8 (Flyball, 89D, EV 88.1 MPH)
Batting: SHB Bailey Stuart 0-0: Ball
1-0: Ball
2-0: Ball
3-0: Base on Balls
Batting: RHB Patrick Gibbard 0-0: Ball
1-0: Called Strike
1-1: Foul Ball, location: 2F
1-2: Foul Ball, location: 2F
1-2: Ball
2-2: SINGLE (Groundball, 34D, EV 106.9 MPH)
Bailey Stuart to second
Runner from 2nd tries for 3rd, SAFE, throw by RF made to third
Batting: LHB Victor de Bree 0-0: Called Strike
0-1: Called Strike
0-2: Ball
1-2: Strikes out swinging
Bottom of the 1st over - 0 runs, 1 hit, 0 errors, 2 left on base; Crowley 0 - Hudsonville 0
TOP OF THE 2ND
Crowley Cajuns batting - Pitching for Hudsonville Flanderses : RHP Ken Travis
Batting: RHB Noel Bourke 0-0: Called Strike
0-1: Foul Ball, location: 2F
0-2: Ball
1-2: Foul Ball, location: 2F
1-2: Ball
2-2: Ball
3-2: Strikes out swinging
Batting: RHB Juan Jiménez 0-0: Called Strike
0-1: Ball
1-1: Swinging Strike
1-2: Fly out, F4 (Popup, 4M, EV 73.1 MPH)
Batting: LHB Kun Chieu 0-0: Called Strike
0-1: Ball
1-1: Foul Ball, location: 2F
1-2: Strikes out swinging
Top of the 2nd over - 0 runs, 0 hits, 0 errors, 0 left on base; Crowley 0 - Hudsonville 0
BOTTOM OF THE 2ND
Hudsonville Flanderses batting - Pitching for Crowley Cajuns : RHP Steve Roberts
Batting: LHB Virgil Hughes 0-0: Ball
1-0: Ball
2-0: Called Strike
2-1: Ball
3-1: Foul Ball, location: 2F
3-2: SINGLE (Groundball, 56S, EV 91.2 MPH) (infield hit)
Batting: RHB Tony Mendoza 0-0: Called Strike
0-1: Foul Ball, location: 2F
0-2: Ball
1-2: Strikes out swinging
Batting: RHB Danny McElroy 0-0: Ball
1-0: Swinging Strike
1-1: Ball
2-1: Ball
3-1: Called Strike
3-2: Base on Balls
Virgil Hughes to second
Batting: SHB Manuel Durán 0-0: Ball
1-0: Called Strike
1-1: Swinging Strike
1-2: Ball
2-2: Strikes out swinging
Batting: LHB Lasse Karsberg 0-0: Called Strike
0-1: Called Strike
0-2: Ball
1-2: Strikes out swinging
Bottom of the 2nd over - 0 runs, 1 hit, 0 errors, 2 left on base; Crowley 0 - Hudsonville 0
TOP OF THE 3RD
Crowley Cajuns batting - Pitching for Hudsonville Flanderses : RHP Ken Travis
Batting: RHB Li-ren Ren 0-0: Ball
1-0: Bunted foul
1-1: Foul Ball, location: 2F
1-2: Strikes out swinging
Batting: RHB Bill Palmer 0-0: Ball
1-0: Ground out 5-3 (Groundball, 5S, EV 84.4 MPH)
Batting: SHB Eduardo Fernández 0-0: Called Strike
0-1: Ball
1-1: Ball
2-1: Called Strike
2-2: Ground out 5-3 (Groundball, 56, EV 81.9 MPH)
Top of the 3rd over - 0 runs, 0 hits, 0 errors, 0 left on base; Crowley 0 - Hudsonville 0
BOTTOM OF THE 3RD
Hudsonville Flanderses batting - Pitching for Crowley Cajuns : RHP Steve Roberts
Batting: RHB Mike Marcus 0-0: Ball
1-0: Foul Ball, location: 2F
1-1: Ground out 4-3 (Groundball, 34, EV 89.4 MPH)
Batting: SHB Bailey Stuart 0-0: Called Strike
0-1: Foul Ball, location: 2F
0-2: Strikes out swinging
Batting: RHB Patrick Gibbard 0-0: Called Strike
0-1: Ball
1-1: Ball
2-1: Ball
3-1: Ground out 4-3 (Groundball, 4M, EV 108.1 MPH)
Bottom of the 3rd over - 0 runs, 0 hits, 0 errors, 0 left on base; Crowley 0 - Hudsonville 0
TOP OF THE 4TH
Crowley Cajuns batting - Pitching for Hudsonville Flanderses : RHP Ken Travis
Batting: LHB Sergio Valentín 0-0: SINGLE (Line Drive, 4M, EV 99.4 MPH)
Batting: RHB Pedro Ramos 0-0: Called Strike
0-1: Ball
1-1: Ball
Sergio Valentín is caught stealing 2nd base 2-4
2-1: Ground out 5-3 (Groundball, 5, EV 106.2 MPH)
Batting: RHB Júlio Muńóz 0-0: Swinging Strike
0-1: Ball
1-1: Foul Ball, location: 2F
1-2: Foul Ball, location: 2F
1-2: Strikes out swinging
Top of the 4th over - 0 runs, 1 hit, 0 errors, 0 left on base; Crowley 0 - Hudsonville 0
BOTTOM OF THE 4TH
Hudsonville Flanderses batting - Pitching for Crowley Cajuns : RHP Steve Roberts
Batting: LHB Victor de Bree 0-0: Foul Ball, location: 2F
0-1: Ball
1-1: Ball
2-1: Foul Ball, location: 2F
2-2: Ball
3-2: Base on Balls
Batting: LHB Virgil Hughes 0-0: Grounds into double play, 4-6-3 (Groundball, 4, EV 86.9 MPH)
Batting: RHB Tony Mendoza 0-0: Ball
1-0: Ball
2-0: Fly out, F7 (Flyball, 78S, EV 76.2 MPH)
Bottom of the 4th over - 0 runs, 0 hits, 0 errors, 0 left on base; Crowley 0 - Hudsonville 0
TOP OF THE 5TH
Crowley Cajuns batting - Pitching for Hudsonville Flanderses : RHP Ken Travis
Batting: RHB Noel Bourke 0-0: Called Strike
0-1: Swinging Strike
0-2: Foul Ball, location: 2F
0-2: Ball
1-2: Ball
2-2: Ground out 6-3 (Groundball, 56, EV 83.8 MPH)
Batting: RHB Juan Jiménez 0-0: Fly out, F9 (Flyball, 9LS, EV 86.2 MPH)
Batting: LHB Kun Chieu 0-0: Foul Ball, location: 2F
0-1: Ball
1-1: Ball
2-1: Foul Ball, location: 2F
2-2: Strikes out looking
Top of the 5th over - 0 runs, 0 hits, 0 errors, 0 left on base; Crowley 0 - Hudsonville 0
BOTTOM OF THE 5TH
Hudsonville Flanderses batting - Pitching for Crowley Cajuns : RHP Steve Roberts
Batting: RHB Danny McElroy 0-0: Foul Ball, location: 2F
0-1: Ball
1-1: Fly out, F8 (Flyball, 8LXD, EV 105.6 MPH)
Batting: SHB Manuel Durán 0-0: Called Strike
0-1: Swinging Strike
0-2: Ball
1-2: Ball
2-2: Ball
3-2: Ground out U3 (Groundball, 34S, EV 71.2 MPH)
Batting: LHB Lasse Karsberg 0-0: Ball
1-0: Ground out U3 (Groundball, 3L, EV 83.1 MPH)
Bottom of the 5th over - 0 runs, 0 hits, 0 errors, 0 left on base; Crowley 0 - Hudsonville 0
TOP OF THE 6TH
Crowley Cajuns batting - Pitching for Hudsonville Flanderses : RHP Ken Travis
Batting: RHB Li-ren Ren 0-0: Bunt for hit to P - play at first, batter safe!
Batting: RHB Bill Palmer 0-0: Bunted foul
0-1: Bunt missed!
0-2: Ball
1-2: Ball
2-2: Strikes out swinging
Batting: SHB Eduardo Fernández 0-0: Ball
1-0: Called Strike
1-1: Fly out, F4 (Popup, 23, EV 88.1 MPH)
Batting: LHB Sergio Valentín 0-0: Ball
1-0: DOUBLE (Line Drive, 89XD, EV 112.5 MPH)
Li-ren Ren to third
Runner from 3rd tries for Home, SAFE, throw by RF to trailing runner, SAFE at third!
Batting: RHB Pedro Ramos 0-0: Foul Ball, location: 2F
0-1: Called Strike
0-2: Ball
1-2: Ball
2-2: Strikes out swinging
Top of the 6th over - 1 run, 2 hits, 0 errors, 1 left on base; Crowley 1 - Hudsonville 0
BOTTOM OF THE 6TH
Hudsonville Flanderses batting - Pitching for Crowley Cajuns : RHP Steve Roberts
Batting: RHB Mike Marcus 0-0: Ball
1-0: Ball
2-0: Ball
3-0: Base on Balls
Batting: SHB Bailey Stuart 0-0: Fielders Choice at 2nd, 4-6 (Groundball, 34, EV 103.1 MPH)
Batting: RHB Patrick Gibbard 0-0: Ball
1-0: Ball
2-0: Foul Ball, location: 2F
2-1: Ball
3-1: Fly out, F6 (Line Drive, 6, EV 70.0 MPH)
Batting: LHB Victor de Bree 0-0: Called Strike
0-1: Swinging Strike
0-2: Strikes out swinging
Bottom of the 6th over - 0 runs, 0 hits, 0 errors, 1 left on base; Crowley 1 - Hudsonville 0
TOP OF THE 7TH
Crowley Cajuns batting - Pitching for Hudsonville Flanderses : RHP Ken Travis
Batting: RHB Júlio Muńóz 0-0: Swinging Strike
0-1: Ball
1-1: Foul Ball, location: 2F
1-2: Foul Ball, location: 2F
1-2: Ball
2-2: Strikes out swinging
Batting: RHB Noel Bourke 0-0: Called Strike
0-1: Swinging Strike
0-2: Strikes out swinging
Batting: RHB Juan Jiménez 0-0: Swinging Strike
0-1: Swinging Strike
0-2: Strikes out swinging
Top of the 7th over - 0 runs, 0 hits, 0 errors, 0 left on base; Crowley 1 - Hudsonville 0
BOTTOM OF THE 7TH
Hudsonville Flanderses batting - Pitching for Crowley Cajuns : RHP Steve Roberts
Pitching: RHP Enrique Montoya
Batting: LHB Virgil Hughes 0-0: Foul Ball, location: 2F
0-1: Swinging Strike
0-2: Strikes out swinging
Batting: RHB Tony Mendoza 0-0: Called Strike
0-1: Ball
1-1: Ball
2-1: SINGLE (Line Drive, 9S, EV 110.0 MPH)
Pinch Hitting: LHB Ben Yunusov 0-0: Called Strike
Tony Mendoza steals 2nd base
0-1: Ball
1-1: Called Strike
1-2: Ball
2-2: Ball
3-2: Base on Balls
Pinch Hitting: LHB Félix Islava 0-0: Ball
Tony Mendoza steals 3rd base
1-0: Ball
2-0: Called Strike
2-1: Called Strike
2-2: Ball
3-2: Base on Balls
Ben Yunusov to second
Batting: LHB Lasse Karsberg 0-0: Ball
1-0: Grounds into fielders choice 3-2 (Groundball, 3, EV 81.2 MPH)
Ben Yunusov to third
Félix Islava to second
Batting: RHB Mike Marcus 0-0: SINGLE (Flyball, 9LS, EV 92.5 MPH)
Ben Yunusov scores
Félix Islava to third
Lasse Karsberg to second
Runner from 3rd tries for Home, SAFE, no throw by RF
Batting: SHB Bailey Stuart 0-0: Swinging Strike
0-1: Foul Ball, location: 2F
0-2: Foul Ball, location: 2F
0-2: Foul Ball, location: 2F
0-2: Strikes out swinging
Bottom of the 7th over - 2 runs, 2 hits, 0 errors, 2 left on base; Crowley 1 - Hudsonville 2
TOP OF THE 8TH
Crowley Cajuns batting - Pitching for Hudsonville Flanderses : RHP Ken Travis
Pitching: RHP Ryan Barker
Now at 3B: Jonathan Long
Now in LF: Vonne Fajardo
Batting: LHB Kun Chieu 0-0: Foul Ball, location: 2F
0-1: Foul Ball, location: 2F
0-2: SINGLE (Line Drive, 4MD, EV 99.4 MPH)
Batting: RHB Li-ren Ren 0-0: Ball
1-0: Bunt missed!
1-1: Bunted foul
1-2: Foul Ball, location: 2F
1-2: Ball
2-2: Strikes out swinging
Pinch Hitting: RHB Allan Selkirk 0-0: Called Strike
0-1: Ball
1-1: Ball
2-1: Foul Ball, location: 2F
2-2: Ground out 6-3 (Groundball, 6M, EV 85.6 MPH)
Kun Chieu to second
Pinch Hitting: RHB José Morales 0-0: Ball
1-0: Ball
2-0: Ball
3-0: Swinging Strike
3-1: Swinging Strike
3-2: Strikes out swinging
Top of the 8th over - 0 runs, 1 hit, 0 errors, 1 left on base; Crowley 1 - Hudsonville 2
BOTTOM OF THE 8TH
Hudsonville Flanderses batting - Pitching for Crowley Cajuns : RHP Enrique Montoya
Now in LF: José Morales
Now in CF: Chad Proctor
Batting: RHB Patrick Gibbard 0-0: Called Strike
0-1: Ground out 4-3 (Groundball, 4S, EV 80.0 MPH)
Batting: LHB Victor de Bree 0-0: Swinging Strike
0-1: Ball
1-1: Foul Ball, location: 2F
1-2: Strikes out swinging
Batting: LHB Virgil Hughes 0-0: Called Strike
0-1: Foul Ball, location: 2F
0-2: DOUBLE (Groundball, 3L, EV 106.2 MPH)
Batting: RHB Tony Mendoza 0-0: Foul Ball, location: 2F
0-1: Ball
1-1: Called Strike
1-2: Ball
2-2: Strikes out swinging
Bottom of the 8th over - 0 runs, 1 hit, 0 errors, 1 left on base; Crowley 1 - Hudsonville 2
TOP OF THE 9TH
Crowley Cajuns batting - Pitching for Hudsonville Flanderses : RHP Ryan Barker
Batting: LHB Sergio Valentín 0-0: Called Strike
0-1: Swinging Strike
0-2: Ball
1-2: Ball
2-2: Ball
3-2: Ground out 5-3 (Groundball, 5, EV 78.8 MPH)
Batting: RHB Pedro Ramos 0-0: Ball
1-0: Ground out 6-3 (Groundball, 6, EV 101.2 MPH)
Batting: RHB Júlio Muńóz 0-0: Called Strike
0-1: Ball
1-1: Foul Ball, location: 2F
1-2: Strikes out swinging
Top of the 9th over - 0 runs, 0 hits, 0 errors, 0 left on base; Crowley 1 - Hudsonville 2
Friday, March 26th, 2021 - OOTP Baseball 20.8 Build 74